 Dungeon Crawl Stone Soup version 0.29-a0-350-g7790a0e70a (webtiles) character file.

Game seed: 7438826046757471540

82 enile the Charlatan (level 4, 0/34 HPs)
             Began as a Gnoll Artificer on Apr 22, 2022.
             Was a Believer of Jiyva.
             Slain by a gnoll
             ... wielding a +0 flail
              (10 damage)
             ... on level 3 of the Dungeon.
             The game lasted 00:03:23 (2648 turns).

enile the Charlatan (Gnoll Artificer)               Turns: 2648, Time: 00:03:24

Health: 0/34       AC:  3    Str: 11    XL:     4   Next: 43%
Magic:  5/5        EV: 12    Int: 11    God:    Jiyva [**....]
Gold:   181        SH:  0    Dex: 14    Spells: 5/5 levels left

rFire   . . .      SeeInvis .   t - +0 falchion
rCold   . . .      Faith    .   (no shield)
rNeg    . . .      Spirit   .   b - +0 leather armour
rPois   .          Reflect  .   (no helmet)
rElec   .          Harm     .   (no cloak)
rCorr   +          Rampage  .   (no gloves)
Will    .....                   (no boots)
Stlth   ++........              (no amulet)
HPRegen 1.07/turn               (no ring)
MPRegen 0.39/turn               (no ring)

@: no status effects
A: fangs 1, strong nose, distributed training
a: Renounce Religion


You were on level 3 of the Dungeon.
You worshipped Jiyva.
Jiyva was pleased with you.
You visited 1 branch of the dungeon, and saw 4 of its levels.

You collected 181 gold pieces.

Inventory:

Hand Weapons
 a - a +0 club
 h - a +0 spear
 t - a +0 falchion (weapon)
Missiles
 i - a poisoned dart (quivered)
Armour
 b - a +0 leather armour (worn)
Jewellery
 m - an amulet of guardian spirit
Wands
 c - a wand of flame (13)
 d - a wand of charming (7)
 e - a wand of iceblast (8)
 s - a wand of mindburst (13)
Scrolls
 j - a scroll of identify {unknown}
 l - a scroll of immolation {unknown}
 n - a scroll of magic mapping {unknown}
 o - a scroll of enchant armour {unknown}
Potions
 f - a potion of curing {unknown}
 g - a potion of heal wounds {unknown}
 k - 2 potions of might {unknown}
 p - a potion of brilliance {unknown}
 q - a potion of degeneration {unknown}
 r - a potion of haste {unknown}
 u - 2 potions of mutation {unknown}


   Skills:
 + Level 2.7 Fighting
 + Level 1.1 Short Blades
 + Level 1.1 Long Blades
 + Level 1.1 Axes
 + Level 1.1 Maces & Flails
 + Level 1.1 Polearms
 + Level 1.1 Staves
 + Level 1.1 Slings
 + Level 1.1 Bows
 + Level 1.1 Crossbows
 + Level 1.1 Throwing
 + Level 4.6 Armour
 + Level 2.7 Dodging
 + Level 2.5 Stealth
 + Level 1.1 Shields
 + Level 1.1 Unarmed Combat
 + Level 1.1 Spellcasting
 + Level 0.9 Conjurations
 + Level 0.9 Hexes
 + Level 0.9 Summonings
 + Level 0.9 Necromancy
 + Level 0.9 Translocations
 + Level 0.9 Transmutations
 + Level 0.9 Fire Magic
 + Level 0.9 Ice Magic
 + Level 0.9 Air Magic
 + Level 0.9 Earth Magic
 + Level 0.9 Poison Magic
 + Level 1.2 Invocations
 + Level 6.6 Evocations


You had 5 spell levels left.
You didn't know any spells.
Your spell library contained the following spells:

 Spells                   Type           Power      Damage    Failure   Level
 Summon Guardian Golem    Hex/Summ       2%         N/A       63%         3
 Orb of Destruction       Conj           1%         9d5       100%        7
 Spellforged Servitor     Conj/Summ      1%         N/A       100%        7


Dungeon Overview and Level Annotations

Branches:
Dungeon (4/15)
 Temple: D:4-7

Altars:
Okawaru
Ru
Vehumet
Jiyva


Innate Abilities, Weirdness & Mutations

You have very sharp teeth.
Your uncanny sense of smell can sniff out nearby items.
Your experience applies equally to all skills.


Message History

The endoplasm hits the gnoll but does no damage.
Your adder bites the gnoll.
The gnoll hits the endoplasm with a +0 flail!
The gnoll hits your adder with a +0 club.
Your adder dies!
The endoplasm hits the gnoll but does no damage.
The gnoll shouts!
The gnoll dies!
The endoplasm barely misses the gnoll.
You climb upwards.
There is a stone staircase leading down here.
You start resting.
You hear a distant slurping noise.
HP restored.
You climb downwards.
The gnoll hits you with a +0 flail. The goblin hits you with a +0 war axe.
There is a stone staircase leading up, spattered with blood here.
The gnoll misses you. The goblin hits you with a +0 war axe.
You climb upwards.
There is a stone staircase leading down here.
Okay, then.
The gnoll attacks as you move away! The gnoll hits you but does no damage.
The goblin attacks as you move away! The goblin barely misses you.
The gnoll attacks as you move away! The gnoll hits you with a +0 flail!
The goblin attacks as you move away! The goblin hits you with a +0 war axe!
* * * LOW HITPOINT WARNING * * *
Okay, then.
Aiming: Charm
Press: ? - help, Shift-Dir - straight line, f - gnoll
Aim: a gnoll, wielding a +0 flail (chance to affect: 73%)
The gnoll struggles to resist.
The gnoll misses you.
Aiming: Charm
Press: ? - help, Shift-Dir - straight line, f/p - gnoll
Aim: a gnoll, wielding a +0 flail (chance to affect: 73%)
The gnoll struggles to resist.
The gnoll hits you but does no damage.
Aiming: Charm
Press: ? - help, Shift-Dir - straight line, f/p - gnoll
Aim: a gnoll, wielding a +0 flail (chance to affect: 73%)
The gnoll struggles to resist.
The gnoll hits you with a +0 flail!
You die...

##.#
######..###..##.....##.##
#.# #...##########.##.#
#.# #.....#### ##....#
#.# ####.....####.....##
#.# #.....##...###..# #.#
####..##.### ##.. #.#
####.......###### #.##
####......##.....# #..#
########gg@.####..#.###.#
##.# #......>.####
##.#+###'# #.# #........#
#.#.....#
###.###........#
#.#.###.#
.....).........#
#.#.....###
...............#
#.+.._..'.#
...............#
#.#.....#..
...............#
#.#.###.##.
.....>.........#
#.#.....#..


You could see a gnoll and a goblin.

Vanquished Creatures
  3 adders
  A dart slug (D:3)
  7 orcs
  2 ball pythons
  3 bats (D:1)
  An endoplasm (D:1)
  2 giant cockroaches
  A goblin (D:1)
  4 hobgoblins
  3 jackals (D:2)
  3 frilled lizards
  3 kobolds (D:1)
  2 rats
35 creatures vanquished.

Vanquished Creatures (collateral kills)
  A gnoll (D:4)
  A jackal (D:2)
  A ball python (D:4)
  A rat (D:2)
4 creatures vanquished.

Vanquished Creatures (others)
  2 adders
  A ball python (D:3)
  An endoplasm (D:4)
  A goblin (D:3)
  A hobgoblin (D:3)
  2 jackals (D:3)
  A frilled lizard (D:3)
  A kobold (D:2)
10 creatures vanquished.

Grand Total: 49 creatures vanquished

Notes
Turn   | Place    | Note
-------+----------+-------------------------------------------
     0 | D:1      | enile the Gnoll Artificer began the quest for the Orb.
     0 | D:1      | Reached XP level 1. HP: 17/17 MP: 1/1
   620 | D:1      | Reached XP level 2. HP: 23/23 MP: 2/2
  1212 | D:2      | Reached XP level 3. HP: 19/28 MP: 3/3
  1348 | D:2      | Found a faded altar of an unknown god.
  1465 | D:2      | Prayed at the altar of an unknown god.
  1465 | D:2      | Became a worshipper of Jiyva Joist the Shapeless
  1465 | D:2      | Reached * piety under Jiyva
  2082 | D:3      | Reached skill level 1 in Invocations
  2129 | D:3      | Reached ** piety under Jiyva
  2193 | D:3      | Found an iron altar of Okawaru.
  2214 | D:3      | Reached skill level 1 in Short Blades
  2214 | D:3      | Reached skill level 1 in Long Blades
  2214 | D:3      | Reached skill level 1 in Axes
  2214 | D:3      | Reached skill level 1 in Maces & Flails
  2214 | D:3      | Reached skill level 1 in Polearms
  2214 | D:3      | Reached skill level 1 in Staves
  2214 | D:3      | Reached skill level 1 in Slings
  2214 | D:3      | Reached skill level 1 in Bows
  2214 | D:3      | Reached skill level 1 in Crossbows
  2214 | D:3      | Reached skill level 1 in Throwing
  2214 | D:3      | Reached skill level 1 in Shields
  2214 | D:3      | Reached skill level 1 in Unarmed Combat
  2214 | D:3      | Reached skill level 1 in Spellcasting
  2264 | D:3      | Found a radiant altar of Vehumet.
  2365 | D:3      | Found a sacrificial altar of Ru.
  2561 | D:4      | Reached XP level 4. HP: 34/34 MP: 5/5
  2648 | D:3      | Slain by a gnoll

Illustrated notes

Levels and vault maps discovered:
D:1:      saegor_arrival_under_anarchy, layout_loops_corners
D:2:      layout_basic, hellmonk_ecumenical_altar_zigzags,
          minmay_misc_feat_square
D:3:      layout_rooms, nicolae_ru_sacrificial_ziggurat,
          mainiacjoe_overflow_six_doors_small, okawaru_trees_1
D:4:      layout_cave_pools, dk_yredelemnul_ordeal, slow_altar_1,
          serial_co_window_serial, co_window_paths_a, co_window_corner_a,
          co_window_paths_a, co_window_corner_a, co_window_corner_a,
          co_window_paths_a, co_window_of_opportunity_c, co_window_broadway_a,
          co_window_of_opportunity_b, co_window_corner_b, co_window_paths_c,
          co_window_paths_d, co_window_4corner_a, glass_columns_b,
          glass_columns_a, glass_columns_a, uniq_pikel

Skill      XL: |  1  2  3 |
---------------+----------+-----
Invocations    | 1 |  1.2
Short Blades   | 1 |  1.1
Long Blades    | 1 |  1.1
Axes           | 1 |  1.1
Maces & Flails | 1 |  1.1
Polearms       | 1 |  1.1
Staves         | 1 |  1.1
Slings         | 1 |  1.1
Bows           | 1 |  1.1
Crossbows      | 1 |  1.1
Throwing       | 1 |  1.1
Shields        | 1 |  1.1
Unarmed Combat | 1 |  1.1
Spellcasting   | 1 |  1.1
Fighting       | |  2.7
Armour         | |  4.6
Dodging        | |  2.7
Stealth        | |  2.5
Conjurations   | |  0.9
Hexes          | |  0.9
Summonings     | |  0.9
Necromancy     | |  0.9
Translocations | |  0.9
Transmutations | |  0.9
Fire Magic     | |  0.9
Ice Magic      | |  0.9
Air Magic      | |  0.9
Earth Magic    | |  0.9
Poison Magic   | |  0.9
Evocations     | |  6.6

Action                   |  1- 3 |  4- 6 || total
-------------------------+-------+-------++-------
Melee: Spear             |   114 |     7 ||   121
       Bite              |     7 |     2 ||     9
       Falchion          |       |     8 ||     8
       Punch             |       |     1 ||     1
Throw: Dart              |    24 |       ||    24
Evoke: Wand              |     3 |     8 ||    11
 Stab: Sleeping          |     3 |       ||     3
Armor: Leather armour    |    29 |     5 ||    34
Dodge: Dodged            |    83 |    24 ||   107

Table legend: (Time is in decaauts)
 A = Elapsed time spent in this place.
 B = Non-inter-level travel time spent in this place.
 C = Inter-level travel time spent in this place.
 D = Time resting spent in this place.
 E = Time spent auto-exploring this place.
 F = Levels seen in this place.
 G = Mean time per level.
                   A        B        C        D        E       F      G
               +--------+--------+--------+--------+--------+-----+--------+
         Total |   2657 |   2523 |    134 |     14 |   2158 |   4 |  664.2 |
       Dungeon |   2657 |   2523 |    134 |     14 |   2158 |   4 |  664.2 |
               +--------+--------+--------+--------+--------+-----+--------+

Top non-repeatable levels by time:
     D:1: 1048 daAuts
     D:2: 993 daAuts
     D:3: 500 daAuts
     D:4: 115 daAuts
